 Dungeon Crawl Stone Soup version 0.32-a0-128-g77eb882913 (webtiles) character file.

Game seed: 12974778872920095166

269 Newt the Trooper (level 6, -3/51 HPs)
             Began as a Barachi Fighter on Feb 7, 2024.
             Slain by Pikel
             ... wielding a +2 whip of freezing
              (4 damage)
             ... on level 6 of the Dungeon.
             The game lasted 00:02:04 (1338 turns).

Newt the Trooper (Barachi Fighter)                  Turns: 1338, Time: 00:02:06

Health: -3/51      AC:  8    Str: 19    XL:     6   Next: 22%
Magic:  6/6        EV:  9    Int:  8    God:
Gold:   73         SH:  4    Dex: 12    Spells: 5/5 levels left

rFire   . . .        a - +0 long sword
rCold   . . .        c - +0 buckler
rNeg    . . .        b - +0 scale mail
rPois   .            n - +0 helmet
rElec   .            (no cloak)
rCorr   .            (no gloves)
SInv    .            (no boots)
Will    .....        h - amulet of the acrobat Stlth
                     (no ring)
HPRegen 0.28/turn    (no ring)
MPRegen 0.10/turn

%: acrobat
@: slow
A: amphibious, slowness 1, strong legs 1, +LOS
a: Hop


You were on level 6 of the Dungeon.
You visited 1 branch of the dungeon, and saw 4 of its levels.

You collected 73 gold pieces.

Inventory:

Hand Weapons
 a - a +0 long sword (weapon)
Missiles
 p - 2 boomerangs (quivered)
Armour
 b - a +0 scale mail (worn)
 c - a +0 buckler (worn)
 n - a +0 helmet (worn)
Jewellery
 h - an amulet of the acrobat (around neck)
Scrolls
 e - a scroll of amnesia {unknown}
 k - a scroll of enchant armour
 l - a scroll of teleportation
 o - a scroll of poison
 q - a scroll of vulnerability
Potions
 d - a potion of might
 f - 2 potions of lignification {unknown}
 g - a potion of haste {unknown}
 i - 2 potions of heal wounds {unknown}
 j - 2 potions of cancellation
 m - a potion of curing


   Skills:
 + Level 5.5 Fighting
 - Level 4.2 Long Blades
 * Level 3.7 Throwing
 - Level 3.6 Armour
 - Level 3.2 Shields


You had 5 spell levels left.
You didn't know any spells.
Your spell library contained the following spells:

 Spells                   Type           Power      Damage    Failure   Level
 Scorch                   Fire           0%         2d5       94%         2
 Volatile Blastmotes      Fire/Tloc      0%         2d10      99%         3
 Flame Wave               Conj/Fire      0%         2d4       100%        4
 Fulminant Prism          Conj/Alch      0%         3d5       100%        4
 Iskenderun's Mystic Bla  Conj/Tloc      0%         2d3       100%        4
 Summon Cactus Giant      Summ           0%         N/A       100%        6


Dungeon Overview and Level Annotations

Branches:
Dungeon (6/15)
 Temple: D:4-7

Altars:
Ru

Annotations:
D:6 Pikel


Innate Abilities, Weirdness & Mutations

You are amphibious.
You cover ground slowly.
You can hop short distances.
You have an extended range of vision and can be seen from far away.


Message History

The lemure is lightly wounded.
You block the lemure's attack. x2
You hit the lemure but do no damage.
The lemure is lightly wounded.
The lemure hits you.
You slice the lemure!!
You kill the lemure!
That felt strangely unrewarding.
You closely miss Pikel.
Pikel hits you with a +2 whip of freezing!
Pikel freezes you.
Pikel hits you with a +2 whip of freezing.
Pikel freezes you.
You barely miss Pikel. Pikel waves his whip at you.
Pikel hits you with a +2 whip of freezing.
Pikel freezes you.
You slash Pikel!
Pikel is moderately wounded.
Pikel hits you with a +2 whip of freezing.
Pikel freezes you.
You hit Pikel.
Pikel is moderately wounded.
You feel a little less mighty now. Pikel hits you but does no damage.
You hit Pikel.
Pikel is moderately wounded.
Pikel hits you with a +2 whip of freezing!
* * * LOW HITPOINT WARNING * * *
Pikel freezes you.
* * * LOW HITPOINT WARNING * * *
Unknown command.
You feel better. You block Pikel's attack.
You hit Pikel but do no damage.
Pikel is moderately wounded.
Pikel hits you with a +2 whip of freezing!
* * * LOW HITPOINT WARNING * * *
Pikel freezes you.
You die...
Pikel says, "See you in Hell!"

*,,,,,,,**#...* **ß*#####.#
,,*****,* #...* ***#.###.##
,******,* #...* #..##..##
,,,,,,,,* #...* #..)....#
,,,,,,,,###.55* #.####..#
,,*****,,.....* ####...#*###
,,* *****.5.* #.####.#
..###########5####.# #.##
..###########55K@..## #..#
#################...####.###
##################....##...#
#####################......#
...############### #)######
##...###....###### #....#
####.###....############.#
####..##....######.......#
#####..............#######


You could see Pikel and 3 lemures.

Vanquished Creatures
  Sigmund (D:6)
  A lemure (D:6)
  A jelly (D:6)
  3 adders
  A ribbon worm (D:3)
  A dart slug (D:1)
  2 ball pythons
  5 endoplasms
  4 giant cockroaches
  8 hobgoblins
  2 kobolds (D:1)
  A bat (D:2)
  5 frilled lizards
  2 goblins
  4 rats (D:1)
41 creatures vanquished.

Notes
Turn   | Place    | Note
-------+----------+-------------------------------------------
     0 | D:1      | Newt the Barachi Fighter began the quest for the Orb.
     0 | D:1      | Reached XP level 1. HP: 18/18 MP: 1/1
    51 | D:1      | Reached XP level 2. HP: 21/25 MP: 2/2
   160 | D:1      | Reached skill level 4 in Fighting
   451 | D:2      | Reached XP level 3. HP: 30/30 MP: 3/3
   986 | D:3      | Found a sacrificial altar of Ru.
   999 | D:3      | Reached XP level 4. HP: 28/38 MP: 4/4
  1018 | D:3      | Reached skill level 1 in Throwing
  1176 | D:3      | You fall into a shaft and drop 3 floors!
  1275 | D:6      | Noticed Sigmund
  1283 | D:6      | Killed Sigmund
  1284 | D:6      | Reached skill level 5 in Fighting
  1284 | D:6      | Reached XP level 5. HP: 40/44 MP: 5/5
  1284 | D:6      | Reached XP level 6. HP: 46/51 MP: 6/6
  1323 | D:6      | Noticed Pikel
  1338 | D:6      | HP: 1/51 [Pikel/+2 whip of freezing (10)]
  1338 | D:6      | Slain by Pikel

Illustrated notes

Levels and vault maps discovered:
D:1:      dpeg_arrival_tiny_j, layout_rooms
D:2:      layout_rooms
D:3:      layout_rooms, mainiacjoe_overflow_cross_hatched,
          nicolae_ru_sacrificial_ziggurat
D:6:      layout_rooms, chequers_ossuary_entry_cave, minmay_diced_spiral,
          uniq_pikel, uniq_sigmund

Skill      XL: |  1  2  3  4 |
---------------+-------------+-----
Long Blades    | 3 4 |  4.2
Fighting       | 4 5 |  5.5
Throwing       | 3 |  3.7
Armour         | |  3.6
Shields        | |  3.2

Action                     |  1- 3 |  4- 6 || total
---------------------------+-------+-------++-------
  Melee: Long sword        |    94 |    52 ||   146
  Throw: Boomerang         |       |     2 ||     2
    Use: Scroll            |     4 |     2 ||     6
         Potion            |       |     4 ||     4
 Armour: Scale mail        |    56 |    33 ||    89
  Dodge: Dodged            |    47 |    27 ||    74
  Block: Buckler           |    26 |    14 ||    40

Table legend: (Time is in decaauts)
 A = Elapsed time spent in this place.
 B = Non-inter-level travel time spent in this place.
 C = Inter-level travel time spent in this place.
 D = Time resting spent in this place.
 E = Time spent auto-exploring this place.
 F = Levels seen in this place.
 G = Mean time per level.
                   A        B        C        D        E       F      G
               +--------+--------+--------+--------+--------+-----+--------+
         Total |   1567 |   1512 |     55 |     60 |   1013 |   4 |  391.8 |
       Dungeon |   1567 |   1512 |     55 |     60 |   1013 |   4 |  391.8 |
               +--------+--------+--------+--------+--------+-----+--------+

Top non-repeatable levels by time:
     D:2: 624 daAuts
     D:1: 463 daAuts
     D:3: 298 daAuts
     D:6: 181 daAuts
